 Dungeon Crawl Stone Soup version 0.28.0 (webtiles) character file.

Game seed: 594139581757501040

1 shoop the Vexing (level 1, 0/19 HPs)
             Began as an Ogre Arcane Marksman on Feb 15, 2022.
             Slain by a hobgoblin (4 damage)
             ... on level 1 of the Dungeon.
             The game lasted 00:00:42 (48 turns).

shoop the Vexing (Ogre Arcane Marksman)               Turns: 48, Time: 00:00:43

Health: 0/19       AC:  3    Str: 13    XL:     1   Next: 20%
Magic:  1/2        EV:  9    Int: 14    God:
Gold:   0          SH:  0    Dex:  9    Spells: 1/2 levels left

rFire   . . .      SeeInvis .   (no weapon)
rCold   . . .      Faith    .   (no shield)
rNeg    . . .      Spirit   .   a - +0 robe
rPois   .          Reflect  .   (helmet restricted)
rElec   .          Harm     .   (no cloak)
rCorr   .          Rampage  .   (gloves unavailable)
Will    .....                   (boots unavailable)
Stlth   +.........              (no amulet)
HPRegen 0.06/turn               (no ring)
MPRegen 0.08/turn               (no ring)

@: no status effects
A: large, unfitting armour, tough skin 1
a: no special abilities


You were on level 1 of the Dungeon.
You visited 1 branch of the dungeon, and saw 1 of its levels.

Inventory:

Missiles
 b - 4 large rocks (quivered)
 c - 2 throwing nets
Armour
 a - a +0 robe (worn)


   Skills:
 + Level 1.4 Fighting
 + Level 2.0 Throwing
 + Level 1.8 Dodging
 + Level 0.0 Stealth
 - Level 1.2 Spellcasting
 + Level 2.7 Hexes


You had one spell level left.
You knew the following spells:

 Your Spells              Type           Power      Damage    Failure   Level
a - Slow                  Hex            32%        N/A       9%          1

Your spell library contained the following spells:

 Spells                   Type           Power      Damage    Failure   Level
 Inner Flame              Hex/Fire       4%         N/A       41%         3
 Portal Projectile        Hex/Tloc       8%         N/A       41%         3
 Cause Fear               Hex            4%         N/A       63%         4


Dungeon Overview and Level Annotations

Branches:
Dungeon (1/15)

Altars:


Innate Abilities, Weirdness & Mutations

You are too large for most types of armour.
You have tough skin. (AC +1)


Message History

The endoplasm is severely wounded.
The endoplasm freezes you.
You are frozen.
You hit the endoplasm but do no damage.
The endoplasm is severely wounded.
The hobgoblin hits you but does no damage.
The endoplasm hits you.
You hit the endoplasm.
You kill the endoplasm!
The hobgoblin barely misses you.
Press: ? - help, v - describe, . - travel The floor.
Casting: Slow (safe; 9% risk of failure)
Confirm with . or Enter, or press ? or * to list all spells.
Aiming: Slow (safe; 9% risk of failure)
Press: ? - help, Shift-Dir - straight line, f - hobgoblin
Aim: a hobgoblin (chance to affect: 63%)
The hobgoblin seems to slow down.
The kobold closely misses you. The hobgoblin closely misses you.
You closely miss the hobgoblin. The kobold hits you but does no damage.
You closely miss the hobgoblin. The kobold hits you but does no damage.
The hobgoblin hits you but does no damage.
You closely miss the hobgoblin. The kobold hits you with a +0 dagger.
The hobgoblin barely misses you.
You hit the hobgoblin but do no damage. The kobold hits you with a +0 dagger.
You hit the hobgoblin.
The hobgoblin is moderately wounded.
The kobold closely misses you. The hobgoblin hits you.
You closely miss the hobgoblin.
The hobgoblin is moderately wounded.
The kobold hits you with a +0 dagger.
* * * LOW HITPOINT WARNING * * *
You barely miss the hobgoblin.
The hobgoblin is moderately wounded.
The kobold hits you but does no damage. The hobgoblin hits you.
* * * LOW HITPOINT WARNING * * *
You hit the hobgoblin but do no damage.
The hobgoblin is moderately wounded.
The kobold hits you but does no damage. The hobgoblin hits you.
You die...

#≈..≈≈≈.≈≈.≈# #...
#≈.≈≈.<.≈≈.≈# #...
#≈.≈≈.≈≈≈..≈# #....
#≈.≈≈..≈..≈≈###### .....
#≈..≈≈...≈≈≈#.#...
#.....#≈≈..≈≈≈≈≈≈.#.....
#...##≈≈.......8......
###.#.g#####++###.......
.......@Krg.............
.....####g.....#........
... #......#........ .
#......#.###.###
#........##..#
#####..####... ..##
#.### ... ..


You could see 2 hobgoblins, a goblin, a kobold and a rat.

Vanquished Creatures
  An endoplasm (D:1)
1 creature vanquished.

Notes
Turn   | Place    | Note
-------+----------+-------------------------------------------
     0 | D:1      | shoop the Ogre Arcane Marksman began the quest for the Orb.
     0 | D:1      | Reached XP level 1. HP: 19/19 MP: 2/2
    48 | D:1      | Slain by a hobgoblin

Illustrated notes

Levels and vault maps discovered:
D:1:      psy_arrival_whirlpool, layout_rooms, shapermc_ecumenical_altar_ellora,
          minmay_octomino_e4

Action                   || total
-------------------------++-------
Melee: Unarmed           ||    13
 Cast: Slow              ||     1
Armor: Robe              ||     7
Dodge: Dodged            ||     6
